 Dungeon Crawl Stone Soup version 0.25-a0-589-g1e14c549ee (webtiles) character file.

Game seed: 2417139356038820123, levelgen mode: deterministic

2496 Kohma the Grappler (level 9, -1/88 HPs)
             Began as a Troll Monk on Mar 11, 2020.
             Was an Elder of Cheibriados.
             Slain by a hornet (11 damage)
             ... while paralysed by a hornet
             ... on level 8 of the Dungeon.
             The game lasted 00:15:29 (5857 turns).

Kohma the Grappler (Troll Monk)                     Turns: 5857, Time: 00:15:30

Health: -1/88      AC:  8    Str: 30    XL:     9   Next: 28%
Magic:  8/8        EV:  1    Int: 18    God:    Cheibriados [****..]
Gold:   508        SH:  0    Dex: 21    Spells: 8/8 levels left

rFire    . . .     SeeInvis .     - Unarmed
rCold    . . .     Gourm    +   (no shield)
rNeg     . . .     Faith    .   B - +0 troll leather armour
rPois    .         Spirit   .   (helmet restricted)
rElec    +         Reflect  .   (no cloak)
rCorr    +         Harm     .   (gloves unavailable)
MR       .....                  (boots unavailable)
Stlth    ++........             (no amulet)
HPRegen  1.04/turn              (no ring)
MPRegen  0.11/turn              u - ring "Loeth" {rElec rCorr}

@: paralysed, mighty, lethally poisoned (-1 -> -2), slowed, very slow
A: large, unfitting armour, claws 3, fast metabolism 3, gourmand, regeneration
1, shaggy fur 1, tough skin 3
a: Bend Time, Temporal Distortion, Slouch, Renounce Religion


You were on level 8 of the Dungeon.
You worshipped Cheibriados.
Cheibriados was greatly pleased with you.
You were full.

You visited 2 branches of the dungeon, and saw 9 of its levels.

You collected 508 gold pieces.

Inventory:

Hand Weapons
 v - the cursed +3 hunting sling "Ruwyetimo" {vorpal, rElec rPois rF+ rC++ Stlth-}
   (You found it on level 5 of the Dungeon)

   Any stone fired from it inflicts extra damage.
   It protects you from fire.
   It greatly protects you from cold.
   It insulates you from electricity.
   It protects you from poison.
   It makes you less stealthy.
   It has a curse placed upon it.
 w - a +0 giant spiked club
Missiles
 n - 2 silver javelins
 q - 2 poisoned darts (quivered)
 x - 54 stones
Armour
 B - a +0 troll leather armour (worn)
Jewellery
 h - an uncursed ring of magical power
 i - an uncursed ring of fire
 u - the ring "Loeth" (right claw) {rElec rCorr}
   (You found it on level 5 of the Dungeon)

   [ring of resist corrosion]

   It insulates you from electricity.
   It provides partial protection from all sources of acid and corrosion.
Wands
 f - a wand of paralysis (15)
 j - a wand of disintegration (14)
 k - a wand of polymorph (8)
 t - a wand of enslavement (8)
Scrolls
 e - 4 scrolls of remove curse
 g - 4 scrolls of teleportation
 r - a scroll of amnesia
 s - 2 scrolls of identify
Potions
 a - a potion of flight {unknown}
 c - a potion of stabbing
 l - 3 potions of curing
 m - a potion of lignification
 p - a potion of ambrosia
Comestibles
 b - 17 rations


   Skills:
 - Level 5.0 Fighting
 - Level 3.1 Dodging
 - Level 1.0 Stealth
 * Level 11.4 Unarmed Combat


You had 8 spell levels left.
You didn't know any spells.
Your spell library was empty.

Dungeon Overview and Level Annotations

Branches:
Dungeon (8/15)             Temple (1/1) D:6
   Lair: D:8-11

Altars:
Ashenzari
Cheibriados
Dithmenos
Elyvilon
Fedhas
Gozag
Hepliaklqana
Nemelex Xobeh
Okawaru
Qazlal
Sif Muna
Trog
Uskayaw
Vehumet
Wu Jian
Zin

Annotations:
D:6 2 transporters, exclusion: downstairs, iVAG's ghost, novice TeCj


Innate Abilities, Weirdness & Mutations

You are too large for most types of armour.
You have claws for hands.
Your metabolism is lightning-fast.
You like to eat raw meat.
Your natural rate of healing is unusually fast.
You are covered in fur. (AC +1)
You have extremely tough skin. (AC +3)


Message History

You mangle the hornet!!
The hornet is heavily wounded.
You feel sick.
The hornet stings you but does no damage.
The hornet stings you.
* * * LOW HITPOINT WARNING * * *
You feel as though you will be slow longer.
You closely miss the hornet.
The hornet is heavily wounded.
You feel sick. The hornet barely misses you. The hornet stings you.
* * * LOW HITPOINT WARNING * * *
You are more poisoned.
You feel as though you will be slow longer.
You feel better. The hornet stings you!
* * * LOW HITPOINT WARNING * * *
You are poisoned.
You suddenly lose the ability to move!
The hornet stings you but does no damage.
You feel sick. The hornet stings you!
You die...

########
###....#<#
#........#
###.####.#
#.## #.#
#.#@# #.#
#.#y## #..
##.# #..
#.# ....
## .##


You could see a hornet.

Vanquished Creatures
  2 hornets (D:8)
  A hippogriff (D:7)
  A black bear (D:7)
  An orc warrior (D:7)
  2 necrophages
  A phantom (D:5)
  3 ogres
  A wyvern zombie (D:5)
  A water moccasin zombie (D:5)
  2 scorpions
  A water moccasin skeleton (D:7)
  A howler monkey (D:3)
  A crimson imp (D:5)
  9 orc priests
  2 hounds (D:6)
  2 bullfrog skeletons
  4 worker ants
  An iguana (D:6)
  Natasha (thrice) (D:2)
  2 orc wizards
  A hound skeleton (D:6)
  A worker ant zombie (D:6)
  6 adders
  A shadow imp (D:6)
  2 oozes
  2 adder skeletons
  An adder zombie (D:7)
  3 worms
  2 dart slugs
  5 leopard geckos
  34 orcs
  3 ball pythons
  4 giant cockroaches
  8 goblins
  10 hobgoblins
  3 jackals (D:2)
  9 kobolds
  A quokka (D:4)
  8 bats
  7 frilled lizards
  A jackal zombie (D:6)
  2 leopard gecko zombies
  4 rats
159 creatures vanquished.

Notes
Turn   | Place    | Note
-------+----------+-------------------------------------------
     0 | D:1      | Kohma the Troll Monk began the quest for the Orb.
     0 | D:1      | Reached XP level 1. HP: 22/22 MP: 0/0
   227 | D:1      | Reached XP level 2. HP: 29/29 MP: 1/1
   757 | D:1      | Reached XP level 3. HP: 36/36 MP: 2/2
  1064 | D:2      | Noticed a necrophage
  1075 | D:2      | Killed a necrophage
  1075 | D:2      | Reached skill level 4 in Unarmed Combat
  1075 | D:2      | Reached XP level 4. HP: 31/42 MP: 3/3
  1349 | D:2      | Reached XP level 5. HP: 46/50 MP: 4/4
  1536 | D:2      | Reached skill level 5 in Unarmed Combat
  1647 | D:2      | Noticed Natasha
  1651 | D:2      | Killed Natasha
  1853 | D:2      | Noticed Natasha
  1858 | D:2      | Killed Natasha
  1874 | D:2      | Reached XP level 6. HP: 53/58 MP: 5/5
  1945 | D:2      | Noticed Natasha
  1953 | D:2      | Killed Natasha
  2480 | D:3      | Reached skill level 6 in Unarmed Combat
  3059 | D:4      | Reached XP level 7. HP: 34/67 MP: 6/6
  3230 | D:4      | Found a snail-covered altar of Cheibriados.
  3290 | D:4      | Reached skill level 7 in Unarmed Combat
  3337 | D:4      | Became a worshipper of Cheibriados the Contemplative
  3337 | D:4      | Reached * piety under Cheibriados
  3337 | D:4      | Reached ** piety under Cheibriados
  3463 | D:4      | Found a shimmering blue altar of Sif Muna.
  3620 | D:5      | Entered Level 5 of the Dungeon
  3826 | D:5      | Got a transparent amber ring
  3833 | D:5      | Identified the ring "Loeth" {rElec rCorr} (You found it on
                  | level 5 of the Dungeon)
  3855 | D:5      | Got a slimy hunting sling
  3856 | D:5      | Identified the cursed +3 hunting sling "Ruwyetimo" {vorpal,
                  | rElec rPois rF+ rC++ Stlth-} (You found it on level 5 of
                  | the Dungeon)
  4041 | D:5      | Reached skill level 8 in Unarmed Combat
  4041 | D:5      | Reached XP level 8. HP: 49/76 MP: 7/7
  4047 | D:5      | Reached skill level 5 in Fighting
  4283 | D:6      | Reached *** piety under Cheibriados
  4380 | D:6      | Found a hide-covered altar of Uskayaw.
  4407 | D:6      | Noticed a queen bee
  4551 | D:6      | Reached skill level 9 in Unarmed Combat
  4571 | D:6      | Found a staircase to the Ecumenical Temple.
  4580 | Temple   | Entered the Ecumenical Temple
  4810 | D:6      | Noticed iVAG's ghost (novice TeCj)
  4827 | D:6      | Found a transporter.
  4827 | D:6      | Noticed a hornet
  4831 | D:6      | Found a transporter.
  4875 | D:6      | Found an iron altar of Okawaru.
  4875 | D:6      | Found a blossoming altar of Fedhas.
  4875 | D:6      | Found a shattered altar of Ashenzari.
  5207 | D:7      | Reached skill level 10 in Unarmed Combat
  5567 | D:7      | Noticed a hippogriff
  5580 | D:7      | Killed a hippogriff
  5580 | D:7      | Reached **** piety under Cheibriados
  5580 | D:7      | Reached XP level 9. HP: 47/85 MP: 8/8
  5748 | D:7      | Found a hazy altar of Hepliaklqana.
  5842 | D:8      | Paralysed by a hornet for 2 turns
  5848 | D:8      | Reached skill level 11 in Unarmed Combat
  5848 | D:8      | Paralysed by a hornet for 3 turns
  5856 | D:8      | Paralysed by a hornet for 2 turns
  5857 | D:8      | Slain by a hornet

Levels and vault maps discovered:
D:1:      enne_arrival_octagon_isle, layout_basic
D:2:      layout_loops_ring, uniq_natasha
D:3:      layout_loops_corners, first_ration, item_on_display_b
D:4:      layout_basic, nicolae_overflow_crystal_walls, kennysheep_mini
D:5:      layout_gridville
D:6:      layout_basic, chequers_temple_overflow_statue_of_worship,
          minmay_temple_entry_poolview, gammafunk_ghost_hive
D:7:      layout_basic, nicolae_overflow_hidden_temple
D:8:      layout_basic, minmay_overflow_temple_hex, lair_entry_dummy,
          hangedman_pestilent_swarm, minmay_misc_feat_alley, uniq_grum
Temple:   jpeg_temple_island

Skill      XL: |  1  2  3  4  5  6  7  8  9 |
---------------+----------------------------+-----
Fighting       | 3 4 5 |  5.0
Dodging        | 3 |  3.1
Unarmed Combat | 4 5 6 8 10 11 | 11.4
Stealth        | |  1.0

Action                   |  1- 3 |  4- 6 |  7- 9 || total
-------------------------+-------+-------+-------++-------
Melee: Unarmed           |    56 |   175 |   187 ||   418
       Punch             |       |     2 |    13 ||    15
  Use: Scroll            |       |     8 |    11 ||    19
       Potion            |       |       |     3 ||     3
 Stab: Sleeping          |     5 |     6 |     3 ||    14
       Distracted        |       |       |     1 ||     1
  Eat: Chunk             |    15 |    18 |    15 ||    48
Armor: Robe              |    25 |    52 |    41 ||   118
       Troll leather arm |       |       |    12 ||    12
Dodge: Dodged            |    21 |    93 |    77 ||   191

Table legend:
 A = Non-vault XP
 B = Vault XP
 C = Vault XP percentage of total XP
 D = Non-vault monster count
 E = Vault monster count
 F = Vault count percentage of total count
                 A         B        C        D         E       F
            +---------+---------+-------+---------+---------+-------
      Total |    2969 |     598 |  16.8 |     156 |       3 |   1.9
            +---------+---------+-------+---------+---------+-------
        D:1 |      52 |       0 |   0.0 |      25 |       0 |   0.0
        D:2 |     345 |      35 |   9.2 |      33 |       1 |   2.9
        D:3 |     121 |       0 |   0.0 |      21 |       0 |   0.0
        D:4 |     424 |       0 |   0.0 |      26 |       0 |   0.0
        D:5 |     529 |       0 |   0.0 |      14 |       0 |   0.0
        D:6 |     428 |       0 |   0.0 |      22 |       0 |   0.0
        D:7 |    1070 |       0 |   0.0 |      15 |       0 |   0.0
        D:8 |       0 |     563 | 100.0 |       0 |       2 | 100.0
            +---------+---------+-------+---------+---------+-------
